 Dungeon Crawl Stone Soup version 0.29.1-1-gd02db69 (webtiles) character file.

Game seed: 15889998738520568809

29708 Timinator the Martial Artist (level 12, -1/102 HPs)
             Began as a Demigod Transmuter on Dec 22, 2022.
             Slain by an alligator (12 damage)
             ... on level 1 of the Swamp.
             The game lasted 01:01:40 (16397 turns).

Timinator the Martial Artist (Demigod Transmuter)  Turns: 16397, Time: 01:01:41

Health: -1/102     AC: 13    Str: 19    XL:     12   Next: 85%
Magic:  24/27      EV: 22    Int: 15    God:
Gold:   1290       SH:  0    Dex: 22    Spells: 14/25 levels left

rFire   + . .      SeeInvis .     - Unarmed
rCold   + . .      Faith    .   (shield currently unavailable)
rNeg    . . .      Spirit   .   p - +2 troll leather armour
rPois   +          Reflect  .   r - +0 helmet
rElec   +          Harm     .   H - +0 cloak
rCorr   +          Rampage  .   (gloves currently unavailable)
Will    +....                   j - +0 pair of boots
Stlth   ++........              t - amulet of magic regeneration
HPRegen 1.07/turn               a - +4 ring of evasion
MPRegen 0.60/turn               f - +4 ring of protection

@: blade hands, resistant, wereblooded
A: high MP 1, forlorn, divine attributes
a: End Transformation


You were on level 1 of the Swamp.
You had blades for hands.
You visited 3 branches of the dungeon, and saw 14 of its levels.
You also visited: Bailey.

You collected 1440 gold pieces.
You spent 150 gold pieces at shops.

Inventory:

Missiles
 k - 2 throwing nets (quivered)
Armour
 j - a +0 pair of boots (worn)
 p - a +2 troll leather armour (worn)
 r - a +0 helmet (worn)
 C - a +2 ring mail of fire resistance
 E - a +0 pair of gloves (melded)
 F - +1 acid dragon scales
 H - a +0 cloak (worn)
Jewellery
 a - a +4 ring of evasion (left blade hand)
 f - a +4 ring of protection (right blade hand)
 t - an amulet of magic regeneration (around neck)
 u - a ring of see invisible
 A - a ring of willpower
 G - a ring of protection from cold
Wands
 b - a wand of digging (1)
 m - a wand of paralysis (10)
 o - a wand of roots (12)
 x - a wand of light (4)
 B - a wand of flame (30)
 K - a wand of polymorph (11)
Scrolls
 d - a scroll of magic mapping
 g - 2 scrolls of summoning
 i - 2 scrolls of enchant weapon
 n - 5 scrolls of teleportation
 v - 4 scrolls of fog
 w - 2 scrolls of torment
 D - a scroll of immolation
 J - 7 scrolls of identify
 M - a scroll of enchant armour
 N - 2 scrolls of silence
 O - a scroll of amnesia
Potions
 c - 3 potions of attraction
 e - 8 potions of flight
 l - 3 potions of brilliance
 q - a potion of mutation
 s - 2 potions of curing
 L - 3 potions of haste
 P - a potion of magic
 Q - 2 potions of ambrosia
 R - a potion of invisibility {unknown}
Miscellaneous
 h - a piece from Xom's chessboard (15/15)
 y - a phantom mirror


   Skills:
 * Level 8.2 Fighting
 - Level 3.0 Armour
 * Level 8.4 Dodging
 + Level 11.0 Unarmed Combat
 + Level 7.4 Spellcasting
 * Level 10.4 Transmutations
 - Level 4.0 Ice Magic
 - Level 0.2 Evocations


You had 14 spell levels left.
You knew the following spells:

 Your Spells              Type           Power      Damage    Failure   Level
a - Wereblood             Tmut           37%        N/A       10%         2
b - Blade Hands           Tmut           18%        N/A       34%         5
c - Ice Form              Ice/Tmut       27%        N/A       41%         4

Your spell library contained the following spells:

 Spells                   Type           Power      Damage    Failure   Level
 Beastly Appendage        Tmut           74%        N/A       9%          1
 Freeze                   Ice            68%        1d8       26%         1
 Spider Form              Tmut/Pois      21%        N/A       34%         3
 Frozen Ramparts          Ice            34%        1d6       43%         3
 Ozocubu's Armour         Ice            17%        N/A       43%         3
 Magic Dart               Conj           20%        1d4       56%         1
 Shock                    Conj/Air       20%        1d4       56%         1
 Call Imp                 Summ           5%         N/A       65%         2
 Static Discharge         Conj/Air       5%         3-4/arc   65%         2
 Mephitic Cloud           Conj/Pois/Air  5%         N/A       82%         3
 Hailstorm                Conj/Ice       11%        3d5       89%         4
 Airstrike                Air            2%         2d(1-17)  98%         4
 Animate Armour           Summ/Erth      10%        N/A       98%         4
 Dispel Undead            Necr           5%         3d7       98%         4
 Sticky Flame             Conj/Fire      5%         2d3       98%         4
 Silence                  Hex/Air        2%         N/A       100%        5
 Dispersal                Tloc           2%         N/A       100%        6
 Iron Shot                Conj/Erth      2%         9d2       100%        6
 Ozocubu's Refrigeration  Ice            8%         4d9       100%        7
 Borgnjor's Revivificati  Necr           2%         N/A       100%        8
 Disjunction              Tloc           2%         N/A       100%        8
 Necromutation            Tmut/Necr      10%        N/A       100%        8
 Death's Door             Necr           2%         N/A       100%        9


Dungeon Overview and Level Annotations

Branches:
Dungeon (10/15)            Temple (0/1) D:7            Lair (3/5) D:9
  Swamp (1/4) Lair:3       Spider (0/4) Lair:3       Bailey (visited)
    Orc: D:9-12

Shops:
D:4 [*   D:6 ?   D:7 (   D:8 (


Innate Abilities, Weirdness & Mutations

You have blades for hands.
Your spellcasting is less reliable in this form.
You are incapable of wielding weapons or throwing items.
You have an increased reservoir of magic. (+10% MP)
You shall have no god before yourself.
Your divine heritage dramatically boosts your attributes as you level up.


Message History

You punch the alligator!
The alligator seems to slow down.
You freeze the alligator.
The alligator is heavily wounded.
The foxfire hits you!!! The fire burns you terribly! The foxfire hits you!
The fire burns you terribly!
Okay, then.
Casting: Wereblood (safe; 1% risk of failure)
Confirm with . or Enter, or press ? or * to list all spells.
Okay, then.
Casting: Wereblood (safe; 1% risk of failure)
Confirm with . or Enter, or press ? or * to list all spells.
You warm up again.
Your +0 cloak unmelds from your body.
Your +0 helmet unmelds from your body.
Your +0 pair of gloves unmelds from your body.
Your +0 pair of boots unmelds from your body.
Your +2 troll leather armour unmelds from your body.
Your hands turn into razor-sharp scythe blades.
Your +0 pair of gloves melds into your body.
The alligator bites you but does no damage.
The alligator tail-slaps you.
* * * LOW HITPOINT WARNING * * *
The will-o-the-wisp gestures.
The will-o-the-wisp conjures some foxfire! 2 foxfires come into view.
Unknown command.
You feel much better. The foxfire hits you!! The foxfire hits you!
* * * LOW HITPOINT WARNING * * *
You hit the will-o-the-wisp but do no damage.
The alligator closely misses you. The alligator tail-slaps you.
* * * LOW HITPOINT WARNING * * *
The will-o-the-wisp gestures.
The will-o-the-wisp conjures some foxfire! 2 foxfires come into view.
You feel protected. The foxfire hits you! You resist.
* * * LOW HITPOINT WARNING * * *
The foxfire hits you. You resist.
* * * LOW HITPOINT WARNING * * *
The alligator bites you!
You die...

.$..~..~~~............~♣
..~...................♣
.....~..............~♣♣
.~~..♣.~...~.......~.~~♣
.~..§......♣.........♣
.~~~..~...♣♣♣~....♣♣.♣♣
~..~..~.§.♣♣♣....♣♣♣..♣
~.....♣tt§♣♣.~...♣
♣♣.♣♣♣~
♣..~.~§♣v@.♣.~..†♣
♣~~.♣~
♣~~.~~§♣.§.~~.♣~♣♣
♣.~~~. ♣.♣~~~....~..♣♣♣
♣§.~~~ ♣ ♣...~...!.♣♣
♣~~~.~ ♣~§.~.♣♣~♣♣♣
♣.~~.~ ♣♣.....♣♣♣ ♣..~..
♣..^~♣ ♣.♣~♣~ ♣.~.~.~
♣.~~~~ ♣♣.♣~~~ ♣.~§~~


You could see 2 alligators and a will-o-the-wisp.

Vanquished Creatures
  2 hydras
  A two-headed ogre (D:10)
  6 death yaks
  2 black mambas
  6 elephants
  Maurice (D:9)
  Joseph (D:10)
  A gargoyle (D:10)
  5 cane toads
  A rime drake (shapeshifter) (D:9)
  A demonic crawler (Lair:1)
  4 komodo dragons
  A queen bee (Lair:3)
  Grinder (D:6)
  A polar bear (Lair:1)
  A tyrant leech (Swamp:1)
  3 slime creatures (D:7)
  6 blink frogs (Lair:3)
  A dream sheep (shapeshifter) (D:9)
  A jumping spider (Lair:3)
  A shadow (D:10)
  A culicivora (Lair:3)
  45 yaks
  A wraith (D:10)
  Eustachio (D:5)
  3 wyverns
  3 vampire mosquitoes (Swamp:1)
  Grum (D:10)
  A steam dragon (D:7)
  5 swamp worms
  An acid dragon (D:9)
  Duvessa (D:5)
  4 water moccasins
  3 orc warriors
  2 ice beasts
  2 black bears
  2 wolves (D:10)
  4 centaurs
  4 kobold brigands
  A phantom (D:4)
  Blork the orc (D:5)
  10 bullfrogs
  2 necrophages
  3 scorpions
  2 gnoll sergeants
  9 wights
  Dowan (D:5)
  30 killer bees
  9 howler monkeys
  5 hounds
  A jelly (D:5)
  7 orc priests
  3 gnoll boudas
  4 iguanas
  4 orc wizards
  A hell rat (D:9)
  23 gnolls
  4 adders
  A river rat (D:9)
  A shadow imp (D:8)
  3 white imps
  An ufetubus (D:5)
  2 worms
  3 dart slugs
  30 orcs
  6 endoplasms
  A giant cockroach (D:4)
  10 goblins
  13 hobgoblins
  3 jackals (D:3)
  10 quokkas
  10 ball pythons
  6 bats
  2 frilled lizards (D:1)
  33 kobolds
  21 rats
407 creatures vanquished.

Vanquished Creatures (others)
  6 foxfires (Swamp:1)
  4 fungi (Lair:3)
  11 plants
21 creatures vanquished.

Grand Total: 428 creatures vanquished

Notes
Turn   | Place    | Note
-------+----------+-------------------------------------------
     0 | D:1      | Timinator the Demigod Transmuter began the quest for the
                  | Orb.
     0 | D:1      | Reached XP level 1. HP: 15/15 MP: 5/5
   225 | D:1      | Reached skill level 1 in Fighting
   501 | D:1      | Reached XP level 2. HP: 23/23 MP: 5/7
  1131 | D:2      | Reached skill level 3 in Unarmed Combat
  1324 | D:2      | Reached XP level 3. HP: 9/28 MP: 6/8
  1897 | D:3      | Reached skill level 1 in Armour
  1907 | D:3      | Learned a level 2 spell: Wereblood
  2443 | D:4      | Noticed a phantom
  2455 | D:4      | Found Kuqe Veghan's Assorted Antiques.
  2471 | D:4      | Reached XP level 4. HP: 26/35 MP: 10/10
  2471 | D:4      | Killed a phantom
  2472 | D:4      | Reached XP level 5. HP: 32/41 MP: 11/11
  2549 | D:4      | Bought a dented golden amulet for 150 gold pieces
  2667 | D:4      | Found Qarymoa's Antique Armour Emporium.
  3151 | D:4      | Reached XP level 6. HP: 48/48 MP: 13/13
  3636 | D:5      | Entered Level 5 of the Dungeon
  3821 | D:5      | Reached skill level 4 in Unarmed Combat
  3827 | D:5      | Noticed Duvessa
  3829 | D:5      | Noticed Dowan
  3843 | D:5      | Killed Duvessa
  3844 | D:5      | Reached XP level 7. HP: 56/56 MP: 14/14
  3854 | D:5      | Killed Dowan
  4010 | D:5      | Noticed Blork the orc
  4027 | D:5      | Killed Blork the orc
  4316 | D:5      | Noticed Eustachio
  4361 | D:5      | Killed Eustachio
  4362 | D:5      | Reached XP level 8. HP: 26/63 MP: 16/16
  5212 | D:5      | Reached skill level 5 in Unarmed Combat
  5353 | D:6      | Learned a level 4 spell: Ice Form
  5359 | D:6      | Learned a level 5 spell: Blade Hands
  5635 | D:6      | Found Tuenimy's Magic Scroll Shop.
  5765 | D:6      | Noticed Grinder
  5780 | D:6      | Paralysed by Grinder for 2 turns
  5794 | D:6      | Killed Grinder
  5795 | D:6      | Reached skill level 5 in Transmutations
  7273 | D:7      | HP: 2/67 [steam dragon/ball of steam (23)]
  7562 | D:7      | Reached skill level 6 in Unarmed Combat
  7562 | D:7      | Reached XP level 9. HP: 54/72 MP: 19/19
  7656 | D:7      | Found Exoe's Antique Weapon Boutique.
  7904 | D:7      | Got the Guide on Breezy Moulding
  8134 | D:7      | Found a staircase to the Ecumenical Temple.
  8677 | D:7      | Reached skill level 5 in Dodging
  9134 | D:8      | Reached skill level 5 in Fighting
  9631 | D:8      | Found Zeuhiaff's Weapon Shop.
  9758 | D:8      | Reached skill level 7 in Unarmed Combat
  9983 | D:8      | Reached skill level 5 in Spellcasting
 10586 | D:9      | Noticed a death yak
 10635 | D:9      | Killed a death yak
 10636 | D:9      | Reached skill level 1 in Ice Magic
 10677 | D:9      | Found a flagged portal.
 10683 | D:9      | Reached XP level 10. HP: 81/81 MP: 21/21
 10709 | Bailey   | Entered a bailey
 11352 | D:9      | Found a staircase to the Lair.
 11418 | D:9      | Noticed a death yak
 11420 | D:9      | Noticed a death yak
 11429 | D:9      | Killed a death yak
 11445 | D:9      | Killed a death yak
 11446 | D:9      | Reached skill level 8 in Unarmed Combat
 11470 | D:9      | Identified the +4 chain mail "Oghie" {Dex+2}
 11619 | D:9      | Noticed Maurice
 11622 | D:9      | Killed Maurice
 12015 | D:9      | Noticed a shock serpent
 12029 | D:9      | Noticed a black mamba
 12033 | D:9      | a black mamba changed into a meliai
 12044 | D:9      | Noticed an orb spider
 12044 | D:9      | a shock serpent changed into an orb spider
 12060 | D:9      | an orb spider changed into a dream sheep
 12119 | D:10     | Entered Level 10 of the Dungeon
 12201 | D:10     | Noticed Joseph
 12220 | D:10     | Killed Joseph
 12279 | D:10     | Reached XP level 11. HP: 78/89 MP: 23/23
 12494 | D:10     | Noticed Grum
 12504 | D:10     | Killed Grum
 12597 | D:10     | Noticed a two-headed ogre
 12604 | D:10     | Killed a two-headed ogre
 13435 | Lair:1   | Entered Level 1 of the Lair of Beasts
 13435 | Lair:1   | Noticed a four-headed hydra
 13500 | D:9      | Killed a four-headed hydra
 13580 | Lair:1   | Reached skill level 9 in Unarmed Combat
 13833 | Lair:1   | Noticed a five-headed hydra
 13845 | Lair:1   | Killed a five-headed hydra
 13932 | Lair:1   | You fall into a shaft and drop 1 floor!
 13939 | Lair:2   | Noticed a death yak
 13939 | Lair:2   | Noticed a death yak
 13939 | Lair:2   | Noticed a death yak
 13950 | Lair:2   | Killed a death yak
 13956 | Lair:2   | Killed a death yak
 13962 | Lair:2   | Killed a death yak
 14003 | Lair:2   | Reached XP level 12. HP: 100/100 MP: 26/26
 14783 | Lair:1   | Reached skill level 10 in Unarmed Combat
 15365 | Lair:3   | Reached skill level 10 in Transmutations
 15472 | Lair:3   | Found a staircase to the Swamp.
 15903 | Lair:3   | Found a hole to the Spider Nest.
 16194 | Swamp:1  | Entered Level 1 of the Swamp
 16229 | Swamp:1  | Reached skill level 11 in Unarmed Combat
 16397 | Swamp:1  | Slain by an alligator

Illustrated notes

Levels and vault maps discovered:
D:1:      dpeg_arrival_round_a, layout_loops_ring, basic_ecumenical_altar
D:2:      layout_rooms
D:3:      layout_loops_ring, grunt_decor_fettered, minmay_misc_feat_tower,
          serial_park_tiny_1, hangedman_decor_opposing, minmay_rat_hole
D:4:      layout_layer_cave, serial_shops, shop, nicolae_shop_overgrown_old_shop
D:5:      layout_basic, uniq_blork_the_orc, uniq_duvessa, uniq_eustachio
D:6:      layout_basic, okawaru_trees_1, serial_shops,
          nicolae_shop_advertising_works [nicolae_subvault_shop_adworks],
          hangedman_glass_teeth, chequers_serial_rivers_small_a, uniq_grinder
D:7:      layout_loops_corners, lemuel_temple_firewalk_a, serial_shops, shop
D:8:      layout_rooms, serial_shops, nicolae_take_the_stairs
D:9:      layout_basic, xom_shifter_show, mainiacjoe_overflow_tiny_flanked,
          mainiacjoe_overflow_catwalk_spiral, dpeg_lair_monsters,
          enter_bailey_4, uniq_maurice
D:10:     layout_stronghold, nicolae_uskayaw_murder_on_the_dancefloor,
          bh_walls_and_bars, uniq_joseph, uniq_grum
Lair:1:   layout_small_grid, worms_lemuel, infiniplex_staircase_pool,
          lemuel_fruit_fields
Lair:2:   layout_regular_city, serial_bayou_shore_b
Lair:3:   layout_roguey, minmay_swamp_entry_worms, spider_nest_entry_funnel_web,
          special_room [special_room_bee], pond, lemuel_fruit_fields
Swamp:1:  gammafunk_mikee_crab_dinner, layout_falls_marsh,
          nicolae_swamp_round_clearing, uniq_jorgrun

Skill      XL: |  1  2  3  4  5  6  7  8  9 10 11 12 |
---------------+-------------------------------------+-----
Fighting       | 1 2 3 4 5 6 7 8 |  8.2
Transmutations | 2 3 4 5 6 8 9 10 | 10.4
Dodging        | 2 3 4 5 6 7 8 |  8.4
Spellcasting   | 2 3 4 5 6 7 |  7.4
Unarmed Combat | 3 4 6 7 8 9 11 | 11.0
Armour         | 1 2 3 |  3.0
Ice Magic      | 1 3 4 |  4.0
Evocations     | |  0.2

Action                   |  1- 3 |  4- 6 |  7- 9 | 10-12 || total
-------------------------+-------+-------+-------+-------++-------
Melee: Unarmed           |   178 |    81 |   398 |   574 ||  1231
       Kick              |    32 |    24 |   132 |     2 ||   190
       Headbutt          |    20 |    16 |    64 |     4 ||   104
       Punch             |     3 |     3 |    24 |    26 ||    56
 Cast: Beastly Appendage |    37 |    15 |    46 |       ||    98
       Wereblood         |     1 |     1 |    20 |    43 ||    65
       Blade Hands       |       |       |     1 |    35 ||    36
       Ice Form          |       |       |       |    22 ||    22
Evoke: Wand              |       |       |     5 |     1 ||     6
  Use: Potion            |       |     1 |     6 |     2 ||     9
       Scroll            |       |       |    22 |     4 ||    26
 Stab: Sleeping          |     2 |     1 |       |     2 ||     5
Armor: Robe              |    26 |       |       |       ||    26
       Leather armour    |    14 |    19 |    12 |       ||    45
       Skin              |       |    12 |    10 |    37 ||    59
       Ring mail         |       |       |    89 |       ||    89
       Steam dragon scal |       |       |     3 |     3 ||     6
       Troll leather arm |       |       |       |    64 ||    64
Dodge: Dodged            |   120 |    51 |   291 |   527 ||   989
